 Dungeon Crawl Stone Soup version 0.20-a0-1122-gb7cbeb9 (webtiles) character file.

59 Kriby the Magician (level 4, -10/27 HPs)
             Began as an Octopode Wizard on May 14, 2017.
             Was an Initiate of Vehumet.
             Engulfed by a cloud of flame (22 damage)
             ... on level 2 of the Dungeon.
             The game lasted 00:02:47 (2236 turns).

Kriby the Magician (Octopode Wizard)                Turns: 2236, Time: 00:02:47

Health: -10/27     AC:  1    Str:  6    XL:     4   Next: 3%
Magic:  9/9        EV: 13    Int: 21    God:    Vehumet [......]
Gold:   95         SH:  0    Dex: 10    Spells: 4/10 levels left

rFire    . . .     SeeInvis .   n - +3 rapier
rCold    . . .     Gourm    .   (no shield)
rNeg     . . .     Faith    .   a - +0 hat
rPois    .         Spirit   .   (no amulet)
rElec    .         Reflect  .   (no ring)
rCorr    .         Harm     .   (no ring)
MR       .....                  (no ring)
Stlth    +++.......             (no ring)
Regen    0.1/turn               (no ring)
MPRegen  0.2/turn               (no ring)
                                (no ring)
                                (no ring)

@: no status effects
A: almost no armour, stealthy swim, amphibious, 8 rings, constrict 8, camouflage
1, gelatinous body 1
a: Renounce Religion


You were on level 2 of the Dungeon.
You worshipped Vehumet.
Vehumet was noncommittal.
You were not hungry.

You visited 1 branch of the dungeon, and saw 2 of its levels.

You collected 95 gold pieces.

Inventory:

Hand Weapons
 n - a +3 rapier (weapon)
Armour
 a - a +0 hat (worn)
Scrolls
 d - a scroll of teleportation
 f - a scroll of amnesia {unknown}
 h - a scroll of enchant weapon {unknown}
 k - a scroll of fear {unknown}
 l - 3 scrolls of identify {unknown}
Potions
 e - a potion of agility {unknown}
 g - a potion of heal wounds {unknown}
 i - a potion of curing {unknown}
 m - a potion of invisibility {unknown}
Books
 b - a book of Minor Magic

   Spells                             Type                      Level
   a - Magic Dart                     Conjuration                  1
   b - Blink                          Translocation                2
   c - Call Imp                       Summoning                    2
   d - Slow                           Hexes                        2
   e - Conjure Flame                  Conjuration/Fire             3
   f - Mephitic Cloud                 Conjuration/Poison/Air       3
Comestibles
 c - 3 bread rations
 j - a meat ration
 o - 5 chunks of flesh


   Skills:
 - Level 2.0 Dodging
 - Level 2.6 Stealth
 + Level 3.5 Spellcasting
 * Level 3.0 Conjurations
   Level 1.0 Summonings
 - Level 1.0 Translocations
 * Level 0.0 Poison Magic


You had 4 spell levels left.
You knew the following spells:

 Your Spells              Type           Power        Failure   Level  Hunger
a - Magic Dart            Conj           ###.         3%          1    None
b - Mephitic Cloud        Conj/Pois/Air  #.......     24%         3    ###....
T - Blink                 Tloc           N/A          13%         2    ##.....


Dungeon Overview and Level Annotations

Branches:
Dungeon (2/15)

Altars:
Vehumet


Innate Abilities, Weirdness & Mutations

You cannot wear most types of armour.
You are very stealthy in the water. (Stealth+)
You are amphibious.
You can wear up to eight rings at the same time.
You can use your tentacles to constrict eight enemies at once.
Your skin changes colour to match your surroundings (Stealth+).
Your rubbery body absorbs attacks. (AC +1, EV +1)


Message History

e - a dark potion
Found a radiant altar of Vehumet.
Found a stone staircase leading up.
Really walk into a travel-excluded area? [Y]es or [N]o only, please.
Really walk into a travel-excluded area? [Y]es or [N]o only, please.
Really walk into a travel-excluded area? [Y]es or [N]o only, please.
Really walk into a travel-excluded area?
You start waiting.
You are engulfed in blazing flames.
Ouch! That really hurt!
You now have 95 gold pieces (gained 10).
There is a radiant altar of Vehumet here.
You curl up in front of the altar of Vehumet.
Vehumet welcomes you!
You are engulfed in blazing flames.
Ouch! That really hurt!
You die...

### ##.# ##..# #
#..## ..#
###.######## #.###
#...#......## #...#
#.###.......#
###.###.###...§.§§#
..............§_§§#
####......#.....@.#
####......#...§...#
...#......#......##
...##.....#......#
...##.....###.####
...##.....##..#
#####.....##.##
#.....#..#
#<....#.##


There were no monsters in sight!

Vanquished Creatures
  2 adders (D:2)
  An ooze (D:2)
  A worm (D:2)
  A dart slug (D:1)
  A leopard gecko (D:1)
  3 bats
  A giant cockroach (D:1)
  5 hobgoblins
  3 jackals (D:1)
  2 frilled lizards (D:1)
  4 goblins
  4 kobolds
  4 rats
32 creatures vanquished.

Notes
Turn   | Place    | Note
-------+----------+-------------------------------------------
     0 | D:1      | Kriby the Octopode Wizard began the quest for the Orb.
     0 | D:1      | Reached XP level 1. HP: 11/11 MP: 4/4
   255 | D:1      | Reached XP level 2. HP: 17/17 MP: 4/6
   280 | D:1      | Learned a level 2 spell: Blink
  1279 | D:1      | Reached XP level 3. HP: 21/21 MP: 2/7
  1955 | D:2      | Reached XP level 4. HP: 27/27 MP: 4/9
  2063 | D:2      | Learned a level 3 spell: Mephitic Cloud
  2159 | D:2      | Found a radiant altar of Vehumet.
  2235 | D:2      | Became a worshipper of Vehumet
  2236 | D:2      | Engulfed by a cloud of flame

Vault maps used:
D:1:      dpeg_arrival_houses_and_road
D:2:      fiery_altar_vehumet, first_bread

Skill      XL: |  1  2  3 |
---------------+----------+-----
Conjurations   | 2 3 |  3.0
Dodging        | |  2.0
Stealth        | |  2.6
Spellcasting   | |  3.5
Summonings     | |  1.0
Translocations | |  1.0

Action                   |  1- 3 |  4- 6 || total
-------------------------+-------+-------++-------
Melee: Unarmed           |    15 |       ||    15
       Tentacles         |     5 |       ||     5
       Constrict         |     3 |       ||     3
       Hand axe          |     9 |       ||     9
 Cast: Magic Dart        |    86 |     9 ||    95
  Use: Scroll            |     1 |       ||     1
  Eat: Chunk             |     1 |     2 ||     3
       Fruit             |     1 |       ||     1
Armor: Skin              |     3 |       ||     3
Dodge: Dodged            |    30 |     2 ||    32
